 Dungeon Crawl Stone Soup version 0.27.1-16-g815e20cd7a (webtiles) character file.

Game seed: 5190657182677834126

0 Descartes the Changer (level 1, 0/10 HPs)
             Began as a Felid Wanderer on Nov 22, 2021.
             Slain by a goblin (4 damage)
             ... on level 1 of the Dungeon.
             The game lasted 00:00:52 (45 turns).

Descartes the Changer (Felid Wanderer)                Turns: 45, Time: 00:00:53

Health: 0/10       AC:  1    Str:  5    XL:     1   Next: 8%
Magic:  2/2        EV: 15    Int: 14    God:
Gold:   2          SH:  0    Dex: 17    Spells: 0/0 levels left
                                        Lives:  0   Deaths: 0

rFire    . . .     SeeInvis +   (weapon unavailable)
rCold    . . .     Faith    .   (shield unavailable)
rNeg     . . .     Spirit   .   (armour unavailable)
rPois    .         Reflect  .   (helmet unavailable)
rElec    .         Harm     .   (cloak unavailable)
rCorr    .         Rampage  .   (gloves unavailable)
Will     .....                  (boots unavailable)
Stlth    ++........             (no amulet)
HPRegen  0.03/turn              (no ring)
MPRegen  0.08/turn              (no ring)

@: quick
A: very small, claws 1, fangs 3, see invisible, speed 1, shaggy fur 1, stealthy
paws, no weapons or thrown items, no armour, multi-lived
a: no special abilities


You were on level 1 of the Dungeon.
You visited 1 branch of the dungeon, and saw 1 of its levels.

You collected 2 gold pieces.

Inventory:

Scrolls
 a - a scroll of blinking


   Skills:
 - Level 3.0 Fighting
 * Level 0.1 Dodging
 * Level 2.7 Stealth
 + Level 0.0 Unarmed Combat
 - Level 3.2 Transmutations
 - Level 1.7 Poison Magic


You couldn't memorise any spells.
You didn't know any spells.
Your spell library contained the following spells:

 Spells                   Type           Power      Damage    Failure   Level
 Sting                    Tmut/Pois      28%        1d4       11%         1
 Foxfire                  Conj/Fire      0%         2x1d4     28%         1
 Mephitic Cloud           Conj/Pois/Air  1%         N/A       56%         3
 Stone Arrow              Conj/Erth      0%         3d7       65%         3


Dungeon Overview and Level Annotations

Branches:
Dungeon (1/15)

Altars:


Innate Abilities, Weirdness & Mutations

You have sharp claws.
You have razor-sharp teeth.
You have supernaturally acute eyesight. (SInv)
You cover ground quickly. (Speed+)
You are covered in fur. (AC +1)
Your paws help you pounce on unaware monsters.
You are incapable of wielding weapons or throwing items.
You cannot wear armour.
You gain extra lives every three experience levels.


Message History

You now have 2 gold pieces.
The goblin shouts!
Found an encrusted silver ring.
You closely miss the goblin.
The hobgoblin shouts!
The goblin hits you with a +0 club.
Ouch! That really hurt!
You are too injured to fight recklessly!
You are too injured to fight recklessly!
You are too injured to fight recklessly!
You are too injured to fight recklessly!
You are too injured to fight recklessly!
You are too injured to fight recklessly!
You are too injured to fight recklessly!
You are too injured to fight recklessly!
You are too injured to fight recklessly!
You are too injured to fight recklessly!
You are too injured to fight recklessly!
You are too injured to fight recklessly!
You are too injured to fight recklessly!
You are too injured to fight recklessly!
You are too injured to fight recklessly!
You are too injured to fight recklessly!
You are too injured to fight recklessly!
You closely miss the goblin. The goblin closely misses you.
You barely miss the goblin. The goblin hits you with a +0 club.
You scratch the goblin but do no damage.
The goblin barely misses you.
You scratch the goblin.
The goblin is moderately wounded.
The goblin completely misses you.
You scratch the goblin but do no damage.
The goblin is moderately wounded.
The goblin closely misses you.
You barely miss the goblin.
The goblin is moderately wounded.
The goblin closely misses you.
You scratch the goblin but do no damage.
Your bite misses the goblin. The goblin hits you with a +0 club.
You die...

.####.......# ..
............# ...
...........## ..#.
............#####.....
......................
...............†..#..
......#.g.............
......##g##.#.....#...
###### #@#....##......
###.....## ..#...
#....##..# #.# ..
##.######.# .. .
#..'..># .# .#.
#..##.## .. #...#.#
##. #...#.# .. ##..#<#


You could see a hobgoblin and a goblin.

Vanquished Creatures
  A frilled lizard (D:1)
1 creature vanquished.

Notes
Turn   | Place    | Note
-------+----------+-------------------------------------------
     0 | D:1      | Descartes the Felid Wanderer began the quest for the Orb.
     0 | D:1      | Descartes set off with the following items: a scroll of
                  | blinking; and the following spells available to memorise:
                  | Sting, Foxfire, Mephitic Cloud, Stone Arrow
     0 | D:1      | Reached XP level 1. HP: 10/10 MP: 2/2
    45 | D:1      | Slain by a goblin

Illustrated notes

Levels and vault maps discovered:
D:1:      amcnicky_arrival_choice, layout_rooms, minmay_misc_feat_five

Action                   || total
-------------------------++-------
Melee: Unarmed           ||    13
       Bite              ||     1
Armor: Skin              ||     1
Dodge: Dodged            ||     9
